 Dungeon Crawl Stone Soup version 0.31.0-9-g3a7656b989 (webtiles) character file.

Game seed: 7723239602141400699

261 qw the Skirmisher (level 5, -6/29 HPs)
             Began as a Deep Elf Hunter on Feb 2, 2024.
             Mangled by a black bear (7 damage)
             ... on level 4 of the Dungeon.
             The game lasted 00:00:10 (2073 turns).

qw the Skirmisher (Deep Elf Hunter)                 Turns: 2073, Time: 00:00:10

Health: -6/29      AC:  9    Str: 10    XL:     5   Next: 96%
Magic:  7/7        EV: 13    Int: 14    God:
Gold:   136        SH:  0    Dex: 18    Spells: 4/4 levels left

rFire   + + .        a - +0 shortbow (flame)
rCold   x . .        (shield currently unavailable)
rNeg    . . .        b - +0 fire dragon scales
rPois   .            e - +0 helmet
rElec   .            (no cloak)
rCorr   .            (no gloves)
SInv    .            (no boots)
Will    .....        (no amulet) Stlth
                     i - +5 ring of evasion
HPRegen 0.24/turn    (no ring)
MPRegen 0.10/turn

%: no passive effects
@: no status effects
A: no striking features
a: no special abilities


You were on level 4 of the Dungeon.
You visited 1 branch of the dungeon, and saw 4 of its levels.

You collected 136 gold pieces.


   Skills:
 + Level 1.5 Fighting
 - Level 9.0 Ranged Weapons
 - Level 1.7 Armour
 - Level 2.4 Dodging
 - Level 1.2 Stealth


You had 4 spell levels left.
You didn't know any spells.
Your spell library was empty.

Inventory:

Hand Weapons
 a - a +0 shortbow of flaming (weapon)
Armour
 b - +0 fire dragon scales (worn)
 e - a +0 helmet (worn)
 j - a +0 ring mail
Jewellery
 i - a +5 ring of evasion (left hand)
Wands
 c - a wand of charming (12)
Potions
 f - a potion of ambrosia {unknown}
 g - a potion of curing
 h - a potion of lignification {unknown}
 l - a potion of mutation {unknown}

Dungeon Overview and Level Annotations

Branches:
Dungeon (4/15)
 Temple: D:4-7

Altars:
Elyvilon

Annotations:
D:4 Natasha


Message History

Natasha misses you. The cerulean imp closely misses you.
You shoot an arrow. The arrow hits Natasha.
The arrow burns Natasha.
Natasha is severely wounded.
Natasha claws you but does no damage. The cerulean imp closely misses you.
Natasha claws you but does no damage.
You shoot an arrow. The arrow hits Natasha.
The arrow burns Natasha.
You kill Natasha!
Natasha screams in fury as she dies!
The cerulean imp disappears in a puff of smoke!
Your Ranged Weapons skill increases to level 9!
You start resting.
A black bear comes into view.
The black bear moves out of view.
You start resting.
A black bear is nearby!
You shoot an arrow. The black bear growls angrily.
The arrow hits the black bear.
The arrow burns the black bear.
The black bear is moderately wounded.
You shoot an arrow. The arrow hits the black bear!
The arrow burns the black bear.
The black bear is almost dead.
A jelly comes into view.
Enter note:
2069 ||| RETREEEEATING.
Enter note:
2070 ||| RETREEEEATING.
The black bear goes berserk!
Natasha, Servant of Life and Death comes into view.
Enter note:
2071 ||| RETREEEEATING.
Enter note:
2072 ||| RETREEEEATING.
The black bear bites you! The black bear misses you.
The black bear claws you but does no damage.
Enter note:
2073 ||| RETREEEEATING.
You feel yourself speed up. The black bear bites you!
You die...

.............¤¤¤.......#
#.¤.~.~.¤.~.~¤~.~.......##
#.........................
#...~.~.~.~.~.¤.#..%......
#.#####..##..............
...##..######...........
#.#..## ###....[....).
#...######..h..J.......
###....[###@..#........
#####..........h.....
##.##...#.##.h...
#..#...####..#.
##......)....##
#.....##.....
##............
#....<........
#..............


You could see a black bear (berserk), a jelly and Natasha.

Vanquished Creatures
  A scorpion (D:4)
  A bombardier beetle (D:4)
  An iguana (D:3)
  Natasha (D:4)
  4 adders (D:3)
  10 orcs
  7 ball pythons
  4 bats
  5 endoplasms
  A giant cockroach (D:2)
  7 goblins
  8 hobgoblins
  4 jackals (D:1)
  7 kobolds
  5 rats
66 creatures vanquished.

Notes
Turn   | Place    | Note
-------+----------+-------------------------------------------
     0 | D:1      | qw the Deep Elf Hunter began the quest for the Orb.
     0 | D:1      | Reached XP level 1. HP: 12/12 MP: 3/3
     0 | D:1      | 0 ||| qw: Version: 0.3-a-155-g5e7d8dd
     0 | D:1      | 0 ||| qw: Game counter: 1899
     0 | D:1      | 0 ||| qw: Melee chars always use a shield: true
     0 | D:1      | 0 ||| qw: God list: Okawaru
     0 | D:1      | 0 ||| qw: Allow faded altars: false
     0 | D:1      | 0 ||| qw: Do Orc after clearing Dungeon:15 true
     0 | D:1      | 0 ||| qw: Do second Lair branch before Depths: true
     0 | D:1      | 0 ||| qw: Lair rune preference: random
     0 | D:1      | 0 ||| qw: Goals: Normal
     0 | D:1      | 0 ||| PLANNING D:1-11
   126 | D:1      | Reached skill level 6 in Ranged Weapons
   126 | D:1      | Reached XP level 2. HP: 16/16 MP: 4/4
   442 | D:1      | 442 ||| UPGRADING to +0 helmet.
   447 | D:1      | 447 ||| DROPPING scroll of butterflies.
   654 | D:2      | Reached XP level 3. HP: 20/20 MP: 5/5
   976 | D:2      | Reached skill level 7 in Ranged Weapons
  1214 | D:2      | 1214 ||| UPGRADING to +0 ring mail.
  1224 | D:2      | 1224 ||| DROPPING +0 leather armour.
  1225 | D:2      | 1225 ||| UPGRADING to +5 ring of evasion.
  1226 | D:2      | 1226 ||| READING scroll labelled FYWUVI NICSUR.
  1226 | D:2      | 1226 ||| IDENTIFYING golden potion
  1227 | D:2      | 1227 ||| READING scroll labelled WOSIPT MOCLE.
  1227 | D:2      | 1227 ||| BRANDING +0 shortbow.
  1228 | D:2      | 1228 ||| DROPPING potion of degeneration.
  1272 | D:3      | 1272 ||| STAIRDANCE
  1302 | D:3      | 1302 ||| STAIRDANCE
  1341 | D:3      | 1341 ||| STAIRDANCE
  1387 | D:3      | Reached XP level 4. HP: 25/25 MP: 6/6
  1438 | D:3      | Reached skill level 8 in Ranged Weapons
  1618 | D:3      | Found a white marble altar of Elyvilon.
  1821 | D:3      | Found a faded altar of an unknown god.
  1861 | D:3      | Reached XP level 5. HP: 29/29 MP: 7/7
  1890 | D:3      | 1890 ||| UPGRADING to +0 fire dragon scales.
  1900 | D:3      | 1900 ||| READING 2 scrolls labelled HANOM UWAACW.
  1901 | D:3      | 1901 ||| DRINKING 2 black potions.
  1902 | D:3      | 1902 ||| DRINKING 2 bubbling white potions.
  1903 | D:3      | 1903 ||| DROPPING scroll of poison.
  1904 | D:3      | 1904 ||| DROPPING potion of magic.
  1906 | D:3      | 1906 ||| Stepping ~*~*~tactically~*~*~ (cloud).
  1913 | D:3      | HP: 7/29 [poisoned by you (poison gas)]
  2022 | D:4      | Reached skill level 1 in Armour
  2050 | D:4      | Noticed Natasha
  2059 | D:4      | HP: 2/29 [cerulean imp/+4 spear[Natasha] (7)]
  2062 | D:4      | Killed Natasha
  2063 | D:4      | Reached skill level 9 in Ranged Weapons
  2065 | D:4      | Noticed a black bear
  2069 | D:4      | 2069 ||| RETREEEEATING.
  2070 | D:4      | 2070 ||| RETREEEEATING.
  2070 | D:4      | Noticed Natasha
  2071 | D:4      | 2071 ||| RETREEEEATING.
  2072 | D:4      | 2072 ||| RETREEEEATING.
  2072 | D:4      | HP: 1/29 [black bear (7)]
  2073 | D:4      | 2073 ||| RETREEEEATING.
  2073 | D:4      | Mangled by a black bear

Levels and vault maps discovered:
D:1:      psy_arrival_dodecagon, layout_rooms
D:2:      layout_basic
D:3:      layout_basic, nicolae_overflow_crystal_walls,
          shapermc_ecumenical_altar_pompeii
D:4:      layout_cave_pools, mainiacjoe_overflow_swirl,
          grunt_nemelex_the_gamble, glass_columns_b, kennysheep_crisscross,
          uniq_menkaure, uniq_natasha

Skill      XL: |  1  2  3  4  5 |
---------------+----------------+-----
Ranged Weapons | 6 7 8 9 |  9.0
Armour         | 1 |  1.7
Fighting       | |  1.5
Dodging        | |  2.4
Stealth        | |  1.2

Action                     |  1- 3 |  4- 6 || total
---------------------------+-------+-------++-------
   Fire: Shortbow          |   121 |    85 ||   206
    Use: Scroll            |     2 |     1 ||     3
         Potion            |       |     2 ||     2
 Armour: Leather armour    |    22 |       ||    22
         Ring mail         |     9 |    14 ||    23
         Fire dragon scale |       |    19 ||    19
  Dodge: Dodged            |    52 |    37 ||    89

Table legend:
 A = Non-vault XP
 B = Vault XP
 C = Vault XP percentage of total XP
 D = Non-vault monster count
 E = Vault monster count
 F = Vault count percentage of total count
                 A         B        C        D         E       F
            +---------+---------+-------+---------+---------+-------
      Total |     338 |      35 |   9.4 |      65 |       1 |   1.5
            +---------+---------+-------+---------+---------+-------
        D:1 |      26 |       0 |   0.0 |      14 |       0 |   0.0
        D:2 |      52 |       0 |   0.0 |      27 |       0 |   0.0
        D:3 |     121 |       0 |   0.0 |      20 |       0 |   0.0
        D:4 |     139 |      35 |  20.1 |       4 |       1 |  20.0
            +---------+---------+-------+---------+---------+-------
